Plume, neutral male human Valkyrie ------------------ ----------------------------- |.........|......` |...........................| |.---.|.---.|.---- -----------.-----.-------------------.| |.|...|`|...|...| |...........| .. |.| |.|.-----.-----.| ---.----------- -- 21 |.| |<|.......|.....| |...|----------------- 2 |.|.| |.---------.----- |%--||........-......| |.|.| |.......|...| |.%.|-|----+------|---------- |.|.| |------.|.--| ---.|....|...}}}.....^......| |.|.| |...|...|...| |......|%..%}}}....2......| |...| |`| |.---.-----.----- ----+----|---}------####..|3 |.------- |.| |^|...|...|.....| |........+....^.|..%-..| |.|.....| |.| |.|.--|.-------.| -------------------|...|--| ## 443|.---.|.------|.| |.|...|.......|.| |..^)........ |...-^@-)DD 4 |...|.|.......|.| |.---.|----.|.|.-----------.-----.--------- ------------------.|.|------.|.| |...|.|...|.|.|.....|...|.%.|...|.........| |...... |.|.|.|...|%|.| |.|.|.|.|.|.|.-----.|.|.|.---.|.---------.-------------.|.-----%|.|.|.|.|.|.| |.|.....|...|.....|...|.......|.........|...............|.........|...|.....| ----------------------------------------------------------------------------- Plume the Man-at-arms Experience level: 13 Strength: 18/** Dexterity: 19 Constitution: 18 Intelligence: 18 Wisdom: 16 Charisma: 14 Health: 121(121) Energy: 24(24) Def: 16 Gold: 954 Moves: 34143 Dungeon seed: gC9IvvRVUq7alSPR Game ID: Plume_1530538165 Your Inventory: Coins $ - 954 gold pieces Amulets G - a cursed amulet of change Weapons E - the blessed rustproof +7 Mjollnir (weapon in hand) F - a blessed +1 silver saber (wielded in other hand) Z - 9 +0 elven daggers (in quiver) Armor r - a blessed +4 pair of speed boots (being worn) s - an uncursed +0 robe y - an uncursed +0 shield of reflection A - an uncursed thoroughly burnt +0 pair of gauntlets of dexterity (being worn) C - a blessed +0 cloak of displacement N - a blessed +1 helm of brilliance (being worn) Comestibles D - 2 uncursed food rations Scrolls d - a blessed scroll of enchant armor f - an uncursed scroll of create monster i - a cursed scroll of gold detection Potions a - a cursed potion of invisibility P - a cursed potion of extra healing R - an uncursed potion of object detection Rings H - a cursed ring of levitation K - an uncursed ring of slow digestion (on right hand) M - an uncursed ring of free action S - an uncursed ring of teleport control (on left hand) V - an uncursed ring of invisibility Wands m - a wand of create monster (0:11) J - a wand of striking (0:5) L - a wand of lightning (0:4) O - a wand of digging (0:4) Q - a wand of make invisible (0:5) T - a wand of probing (0:4) X - a wand of digging (0:8) Tools b - the blessed Orb of Fate (0:5) e - a +0 unicorn horn l - a blessed magic lamp (lit) o - an uncursed skeleton key q - an uncursed stethoscope z - a blessed greased bag of holding U - a blessed can of grease (0:9) Gems c - an uncursed emerald B - a blessed luckstone I - an uncursed jasper W - an uncursed agate Contents of the bag of holding: 2990 gold pieces a [uncursed] amulet versus poison the blessed rustproof +1 Vorpal Blade a [uncursed] apple 2 [uncursed] carrots 2 uncursed figues 10 uncursed food rations 3 [uncursed] oranges a [uncursed] pancake a [uncursed] scroll of create monster a [cursed] potion of acid 2 [uncursed] potions of booze a [blessed] potion of booze a [uncursed] potion of full healing 2 [uncursed] potions of gain level a [cursed] potion of invisibility a [cursed] potion of object detection a [uncursed] potion of oil a [uncursed] potion of see invisible a [uncursed] potion of sleeping a [uncursed] potion of speed a [uncursed] [+1] ring of adornment a [uncursed] [+2] ring of adornment a [uncursed] [+1] ring of adornment a [uncursed] ring of cold resistance a [cursed] ring of hunger a [cursed] ring of hunger a [uncursed] ring of polymorph control a [uncursed] [+1] ring of protection a [uncursed] ring of searching a [cursed] ring of searching a [uncursed] wand of create monster [0:11] a wand of digging (0:2) a wand of fire (0:6) a [uncursed] wand of light [0:11] a [uncursed] wand of sleep [0:0] a [uncursed] wand of teleportation [0:6] a [uncursed] wand of undead turning [0:8] an uncursed [+0] pick-axe a blessed tinning kit (0:48) a [uncursed] [+0] unicorn horn a [uncursed] [+0] unicorn horn 9 uncursed agates 10 uncursed ambers 3 uncursed amethysts 6 uncursed aquamarines an uncursed chrysoberyl an uncursed citrine 2 uncursed diamonds a [uncursed] dilithium crystal 7 uncursed emeralds 12 uncursed fluorites an uncursed garnet 3 uncursed jacinths 12 uncursed jaspers an uncursed jet 8 uncursed obsidians 7 uncursed opals 5 uncursed rubies 3 uncursed sapphires 10 uncursed topazes a blessed touchstone 6 uncursed turquoises Spells and supernatural/magical abilities: Name Level Category Fail Memory a - force bolt 1 attack 31% 22% c - cause fear 3 enchantment 90% 22% f - fireball 4 attack 100% 22% h - healing 1 healing 13% 38% i - invisibility 4 escape 100% 55% j - jumping 1 escape 31% 38% k - knock 1 matter 31% 21% l - light 1 divination 31% 21% m - magic missile 2 attack 40% 55% n - detect monsters 1 divination 31% 21% o - cone of cold 4 attack 99% 21% r - remove curse 3 clerical 84% 38% v - clairvoyance 3 divination 90% 38% B - cure blindness 2 healing 24% 21% C - cancellation 7 matter 100% 55% D - drain life 3 attack 90% 22% E - detect food 2 divination 40% 38% G - detect treasure 4 divination 100% 56% H - haste self 3 escape 90% 22% I - identify 3 divination 90% 22% K - cure sickness 3 healing 84% 29% O - create monster 2 clerical 40% 22% W - pray for help -- divine ? -- Your skills at the end: Miscellaneous Skills two weapon combat [Basic] shield [Basic] wands [Basic] stealth [Basic] Weapon Skills dagger [Expert] saber [Basic] hammer [Skilled] Spellcasting Skills Final Attributes: You were the Envoy of Balance. You were piously aligned. You were fire resistant. You were cold resistant. You were sleep resistant. You were shock resistant. You were poison resistant. Your writing hand was ok. You saw invisible. You were telepathic. You were warned. You were invisible to others. You were somewhat stealthy. You had teleport control. You could fly. You had slower digestion. You were protected. You were very fast. You were wielding two weapons at once. You were extremely lucky. You had extra luck. Good luck did not time out for you. You are dead. Vanquished creatures: 14 blood puddings Medusa a kraken a white dragon 2 storm giants a titan 2 glass golems a purple worm 3 minotaurs Lord Surtur 2 baluchitheria a young gray dragon a young silver dragon 2 young red dragons 2 young white dragons 2 young orange dragons 2 young black dragons a young blue dragon 2 demiliches a pit fiend a sandestin 3 titanotheres 2 trappers a baby yellow dragon a disenchanter 4 vampire lords 3 skeletons 2 liches a clay golem 6 nurses a nalfeshnee 2 lurkers above 3 frost giants 20 black puddings 14 vampires 22 ghosts an ettin a lieutenant a wizard 2 winged gargoyles 3 mind flayers 4 giant mimics 46 fire giants 3 ogre kings 4 Elvenkings 11 rock trolls 2 umber hulks a flesh golem 6 doppelgangers 2 hezrous 4 bone devils a salamander 3 large mimics 3 long worms 5 stalkers an earth elemental a giant mummy 11 elf-lords a xorn 13 giant zombies 13 sergeants 6 vrocks 7 wargs 3 winter wolves 8 quantum mechanics 10 small mimics 3 island nymphs a glass piercer 10 xans 3 ettin mummies 2 ogre lords a sasquatch 4 mariliths 2 pyrolisks a large dog 6 freezing spheres 5 flaming spheres 4 shocking spheres 3 large cats 5 tigers 7 gargoyles 2 dwarf kings 2 tengu 6 gelatinous cubes 4 ochre jellies 3 crocodiles 2 chameleons 2 leocrottas an energy vortex a mountain centaur 7 giants 4 elf mummies 2 human mummies 2 red nagas 16 Grey-elves 2 pit vipers 2 pythons 31 wraiths 8 ettin zombies a leather golem 11 succubi 9 incubi 12 giant beetles 6 cockatrices 6 wolves 8 winter wolf cubs 2 black lights a lynx 3 panthers 25 gremlins 7 leprechauns 6 quivering blobs 10 lizards 5 mountain nymphs an orc-captain 3 mumakil 7 giant spiders 9 scorpions 3 iron piercers 2 horses 7 vampire bats a forest centaur 2 gnome kings 6 orc mummies 3 dwarf mummies an ogre 7 brown puddings a Green-elf 4 rust monsters an owlbear 2 yetis 2 gold golems 7 werewolves a piranha 2 warriors 4 chickatrices 4 dogs a dingo 2 housecats 8 jaguars 5 dwarf lords 3 blue jellies 5 water nymphs 8 white unicorns 2 black unicorns 5 dust vortices 27 ravens 6 gnome mummies 8 Woodland-elves 7 snakes 8 apes 9 human zombies 2 rope golems 11 soldier ants 118 fire ants 10 yellow lights 9 bugbears 2 imps 4 baby crocodiles 6 wood nymphs 3 Mordor orcs 5 Uruk-hai 5 rock moles 5 rock piercers a pony 6 fog clouds 3 shriekers 6 violet fungi 15 gnome lords 5 gnomish wizards 7 kobold mummies a black naga hatchling a golden naga hatchling 7 gray oozes 15 elf zombies 8 ghouls 4 straw golems a paper golem a jellyfish 21 giant ants 3 puppies 14 floating eyes a kitten 22 dwarves 2 homunculi a quasit 6 kobold lords 2 kobold shamans 6 iguanas 48 hill orcs 18 rothes 2 rabid rats a centipede 5 jitterbugs 5 giant bats 7 orc zombies 11 dwarf zombies 3 werejackals 43 killer bees a coyote 3 gas spores 5 hobbits 4 acid blobs 3 large kobolds 11 geckos 12 hobgoblins 14 giant rats 8 cave spiders 2 brown molds 6 yellow molds 7 green molds 5 red molds 48 gnomes 12 garter snakes 17 manes 9 gnome zombies 7 jackals a fox 2 kobolds 13 newts 3 goblins 4 sewer rats 17 grid bugs 9 bats 2 lichens 12 kobold zombies 4 humans 1479 creatures vanquished. Genocided or extinct species: fire ants (extinct) 1 species extinct. Voluntary challenges: You did not cause conflict. You were not displaced. You used a wielded weapon 2556 times, starting on turn 16. You did not use plumbed fixtures. You read items or engraved 242 times, starting on turn 5136. You never genocided any monsters. You polymorphed 59 items, starting on turn 25402. You changed form 1 time, starting on turn 20234. You completed Sokoban on turn 7212, according to the rules. You used no wishes. You split 24 puddings, starting on turn 10114. You wrote Elbereth's name 6 times, starting on turn 7460. You never violated your personal moral code. Dungeon overview: The Dungeons of Doom: levels 1 to 27 Level 1 an altar to Tyr a long staircase Level 2 an armor shop, an altar to Tyr stairs to The Gnomish Mines Level 3 a fountain Level 4 Level 5 a general store Level 6 a throne Level 7 Level 8 a fountain, a sink Level 9 many fountains Level 10 a fountain, a sink stairs to Sokoban Level 11 a general store, a fountain Level 12 a temple to Odin, some fountains, a sink Level 13 some fountains Level 14 Level 15 portal to The Quest Level 16 a delicatessen, some fountains Level 17 Level 18 Level 19 a throne Level 20 a fountain Level 21 an altar to Odin, a fountain, a sink Level 22 a fountain, many trees Level 23 Level 24 Level 25 Level 26 some fountains Level 27 a magic chest, many sinks, many benchs Gehennom: levels 28 to 32 Level 28 a temple to Moloch, a magic chest stairs to The Dungeons of Doom Level 29 Level 30 an altar to Moloch, a magic chest, many fountains, many benchs, many trees Level 31 Level 32 <- You were here The Gnomish Mines: levels 3 to 10 Level 3 stairs to The Dungeons of Doom Level 4 Level 5 Level 6 some shops, a temple to Tyr, a magic chest, some fountains Level 7 Level 8 Level 9 Level 10 a magic chest, some fountains The Quest: levels 1 to 6 Level 1 a magic chest, a fountain portal to The Dungeons of Doom Level 2 Level 3 Level 4 Level 5 Level 6 Sokoban: levels 6 to 9 Level 6 a magic chest Level 7 Level 8 a fountain Level 9 an altar to Odin, a magic chest stairs to The Dungeons of Doom History has recorded: On T:1 you entered the Dungeons of Doom to retrieve the Amulet of Yendor! On T:166 you reached level 2 of The Dungeons of Doom. On T:247 you reached level 3 of The Dungeons of Doom. On T:438 you advanced to experience level 2. On T:547 you reached level 1 of The Gnomish Mines. On T:625 you advanced to experience level 3. On T:769 you advanced to experience level 4. On T:1039 you reached level 2 of The Gnomish Mines. On T:1134 you advanced to experience level 5. On T:1406 you advanced to experience level 6. On T:1461 you reached level 3 of The Gnomish Mines. On T:1522 you reached level 4 of The Gnomish Mines. On T:1927 you reached level 5 of The Gnomish Mines. On T:1995 you entered the Minetown temple On T:2065 you advanced to experience level 7. On T:2126 you opened a magic chest. On T:3012 you reached level 4 of The Dungeons of Doom. On T:3160 you reached level 5 of The Dungeons of Doom. On T:3442 you reached level 6 of The Dungeons of Doom. On T:3730 you reached level 7 of The Dungeons of Doom. On T:3961 you reached level 8 of The Dungeons of Doom. On T:4117 you advanced to experience level 8. On T:4223 you reached level 9 of The Dungeons of Doom. On T:4430 you reached level 10 of The Dungeons of Doom. On T:4569 you reached level 11 of The Dungeons of Doom. On T:4658 you reached level 4 of Sokoban. On T:5090 you reached level 3 of Sokoban. On T:5872 you reached level 2 of Sokoban. On T:6356 you reached level 1 of Sokoban. On T:6642 you advanced to experience level 9. On T:7212 you advanced to experience level 10. On T:7212 you entered the Sokoban zoo. On T:8420 you reached level 6 of The Gnomish Mines. On T:8725 you reached level 7 of The Gnomish Mines. On T:9018 you reached level 8 of The Gnomish Mines. On T:9018 you reached the bottom of the Mines. On T:11518 you received Mjollnir from Odin. On T:11656 you reached level 12 of The Dungeons of Doom. On T:12054 you reached level 13 of The Dungeons of Doom. On T:12374 you reached level 14 of The Dungeons of Doom. On T:12967 you prayed to Odin. On T:13400 you reached level 15 of The Dungeons of Doom. On T:13400 you entered the Rogue tribute level. On T:13453 you reached level 16 of The Dungeons of Doom. On T:13625 you reached level 1 of The Quest. On T:14964 you reached level 17 of The Dungeons of Doom. On T:15059 you reached level 18 of The Dungeons of Doom. On T:15179 you reached level 19 of The Dungeons of Doom. On T:15378 you reached level 20 of The Dungeons of Doom. On T:15538 you advanced to experience level 11. On T:15664 you reached level 21 of The Dungeons of Doom. On T:16088 you prayed to Odin. On T:16091 you were named as the Envoy of Balance! On T:16185 you reached level 22 of The Dungeons of Doom. On T:16451 you killed Medusa on level 22 of The Dungeons of Doom. On T:16453 you reached level 23 of The Dungeons of Doom. On T:16928 you advanced to experience level 12. On T:16936 you advanced to experience level 13. On T:16948 you advanced to experience level 14. On T:16987 you embarked upon an epic quest. On T:17025 you reached level 2 of The Quest. On T:17046 you reached level 3 of The Quest. On T:17391 you reached level 4 of The Quest. On T:17498 you reached level 5 of The Quest. On T:17598 you reached level 6 of The Quest. On T:17820 you killed Lord Surtur on level 3 of The Quest. On T:17896 you completed the quest! On T:19129 you reached level 24 of The Dungeons of Doom. On T:19480 you reached level 25 of The Dungeons of Doom. On T:20038 you reached level 26 of The Dungeons of Doom. On T:20910 you reached The Castle. On T:22492 you reached The Valley of the Dead. On T:32272 you reached level 2 of Gehennom. On T:33284 you reached level 3 of Gehennom. On T:33403 you reached level 4 of Gehennom. On T:33704 you reached level 5 of Gehennom. Score breakdown: Gold: 3944 ( 394 points) Experience: 13 levels ( 1200 points) Exploration: 32 levels ( 930 points) Discoveries: 174 items ( 2000 points) Variety of kills: 227 monsters ( 2000 points) Major goal: finished the Quest ( 2000 points) Survival: died (score multiplied by 3) Total score: 25572 Latest messages: You succeed in locking the door. You can see again. That door is closed. You succeed in unlocking the door. The door opens. The elven dagger hits the young red dragon! The young white dragon breathes frost! The blast of frost hits the black dragon! The blast of frost hits the young red dragon! The blast of frost hits you! You don't feel cold. The black dragon breathes a disintegration blast! The young red dragon is disintegrated! The blast of disintegration hits you! Your shirt crumbles into tiny threads and falls apart! Final status: Farvel Plume the Valkyrie, killed by a blast of disintegration... You died in Gehennom on dungeon level 32 with 25572 points, and 3944 pieces of gold, after 34143 moves. You were level 13 with a maximum of 121 hit points when you died.